 Dungeon Crawl Stone Soup version 0.22-a0-480-g991dd4b2b4 (webtiles) character file.

42107 Oravi the Destroyer (level 13, -8/108 HPs)
             Began as a Black Draconian Conjurer on June 15, 2018.
             Was a High Priest of Vehumet.
             Killed from afar by a wizard (10 damage)
             ... with a bolt of lightning
             ... on level 14 of the Dungeon on June 16, 2018.
             The game lasted 02:33:39 (27990 turns).

Oravi the Destroyer (Black Draconian Conjurer)     Turns: 27990, Time: 02:33:40

Health: -8/108     AC: 14    Str: 13    XL:     13   Next: 83%
Magic:  8/37       EV: 15    Int: 22    God:    Vehumet [*****.]
Gold:   1050       SH:  4    Dex: 11    Spells: 5/35 levels left

rFire    . . .     SeeInvis .   t - +2 dagger (venom)
rCold    . . .     Gourm    .   A - +0 buckler (curse)
rNeg     . . .     Faith    .   (armour unavailable)
rPois    .         Spirit   .   Z - +2 hat
rElec    +         Reflect  .   e - +0 cloak
rCorr    .         Harm     .   (no gloves)
MR       .....                  s - +2 pair of boots {run}
Stlth    +++.......             (no amulet)
HPRegen  0.28/turn              B - +3 ring of intelligence
MPRegen  0.25/turn              w - ring of magical power

@: short of breath, very slightly contaminated, quick
A: breathe lightning, unfitting armour, electricity resistance, cold-blooded, AC
+8
a: Breathe Lightning, Renounce Religion


You were on level 14 of the Dungeon.
You worshipped Vehumet.
Vehumet was extremely pleased with you.
You were near starving.

You visited 2 branches of the dungeon, and saw 15 of its levels.
You also visited: Bailey.

You collected 1050 gold pieces.

Inventory:

Hand Weapons
 a - a +0 dagger of flaming
 t - a +2 dagger of venom (weapon)
 M - a +4 scimitar of flaming
Missiles
 j - 708 stones
 p - 10 tomahawks (quivered)
 Q - 2 throwing nets
Armour
 e - a +0 cloak (worn)
 s - a +2 pair of boots of running (worn)
 A - a cursed +0 buckler (worn)
 H - a +0 shield
 Z - a +2 hat (worn)
Magical Staves
 h - an uncursed staff of poison
 y - an uncursed staff of earth
Jewellery
 u - an uncursed ring of positive energy
 w - a ring of magical power (right hand)
 x - a +3 ring of strength
 B - a +3 ring of intelligence (left hand)
 E - an uncursed ring of magical power
 P - a +4 ring of evasion
 U - an uncursed ring of protection from cold
Wands
 q - a wand of paralysis (16)
 C - a wand of polymorph (20)
 K - a wand of flame (20)
 O - a wand of iceblast (18)
 R - a wand of digging (14)
 V - a wand of enslavement (22)
 Y - a wand of acid (18)
Scrolls
 f - 3 scrolls of blinking
 i - 12 scrolls of teleportation
 k - a scroll of summoning {unknown}
 m - 10 scrolls of remove curse
 n - 2 scrolls of amnesia
 v - a scroll of enchant armour
 D - 2 scrolls of fog {unknown}
 F - a scroll of noise {unknown}
 G - a scroll of vulnerability {unknown}
 N - a scroll of fear {unknown}
 S - 4 scrolls of enchant weapon {unknown}
 W - a scroll of acquirement {unknown}
Potions
 c - 3 potions of magic
 d - 3 potions of resistance
 g - 5 potions of might
 l - 2 potions of mutation
 o - 3 potions of flight
 r - 4 potions of haste
 z - a potion of heal wounds
 I - a potion of ambrosia
 J - 4 potions of brilliance
 L - 4 potions of curing
 T - 2 potions of experience {unknown}
Comestibles
 b - 17 rations
 X - 8 chunks of flesh


   Skills:
 + Level 8.5 Fighting
 + Level 7.4 Dodging
 - Level 5.0 Stealth
 - Level 4.1 Shields
 * Level 11.8 Spellcasting
 + Level 12.5 Conjurations
 - Level 5.0 Translocations
 + Level 7.5 Fire Magic
 + Level 6.5 Ice Magic


You had 5 spell levels left.
You knew the following spells:

 Your Spells              Type           Power        Failure   Level  Hunger
b - Searing Ray           Conj           ######       1%          2    None
c - Iskenderun's Mystic   Conj           ######..     1%          4    None
d - Throw Icicle          Conj/Ice       ######..     1%          4    None
e - Force Lance           Conj/Tloc      ######..     1%          4    None
f - Dazzling Spray        Conj/Hex       #####.       1%          3    None
g - Blink                 Tloc           N/A          1%          2    None
h - Fireball              Conj/Fire      ######....   1%          5    ####...
i - Bolt of Fire          Conj/Fire      ######....   3%          6    #####..

Your spell library contained the following spells:

 Spells                   Type           Power        Failure   Level  Hunger
 Magic Dart               Conj           ####         1%          1    None
 Conjure Flame            Conj/Fire      ######..     1%          3    None
 Lightning Bolt           Conj/Air       #####.....   3%          5    ####...
 Bolt of Magma            Conj/Fire/Erth #####.....   2%          5    ####...
 Slow                     Hex            ##......     8%          2    None
 Confuse                  Hex            ##......     16%         3    None
 Throw Flame              Conj/Fire      ######       1%          2    None
 Throw Frost              Conj/Ice       ######       1%          2    None
 Mephitic Cloud           Conj/Pois/Air  ####....     1%          3    None
 Venom Bolt               Conj/Pois      #####.....   3%          5    ####...
 Olgreb's Toxic Radiance  Pois           ##......     13%         4    None
 Freeze                   Ice            ####         1%          1    None
 Sticky Flame             Conj/Fire      ######..     1%          4    None
 Summon Ice Beast         Ice/Summ       ####....     13%         4    None
 Ozocubu's Armour         Chrm/Ice       ####....     4%          3    None
 Call Imp                 Summ           ##......     8%          2    None
 Regeneration             Chrm/Necr      ##........   16%         3    None
 Sting                    Conj/Pois      ####         1%          1    None
 Iron Shot                Conj/Erth      #####.....   16%         6    #####..
 Swiftness                Chrm/Air       ##......     8%          2    None
 Deflect Missiles         Chrm/Air       ##........   100%        6    #####..
 Confusing Touch          Hex            ##....       4%          1    None
 Flame Tongue             Conj/Fire      #####        1%          1    None
 Metabolic Englaciation   Hex/Ice        ####......   36%         5    ####...
 Silence                  Hex/Air        ##........   80%         5    ####...
 Static Discharge         Conj/Air       #####...     1%          3    None
 Conjure Ball Lightning   Conj/Air       #####.....   16%         6    #####..
 Petrify                  Tmut/Erth      ##......     45%         4    None
 Orb of Destruction       Conj           ######....   7%          7    #######
 Tornado                  Air            ##........   100%        9    #######
 Leda's Liquefaction      Hex/Erth       ##........   45%         4    None
 Shroud of Golubria       Chrm/Tloc      ###.......   2%          2    None
 Inner Flame              Hex/Fire       ####....     1%          3    None
 Iskenderun's Battlesphe  Conj/Chrm      #####...     3%          5    ####...
 Fulminant Prism          Conj/Hex       #####.....   1%          4    None
 Infusion                 Chrm           ##..         4%          1    None
 Song of Slaying          Chrm           ##......     8%          2    None
 Spectral Weapon          Hex/Chrm       ##......     16%         3    None
 Summon Lightning Spire   Summ/Air       ##......     45%         4    None
 Spellforged Servitor     Conj/Summ      #####.....   58%         7    #######
 Gell's Gravitas          Tloc           #####.....   1%          3    None
 Yara's Violent Unravell  Hex/Tmut       ##........   32%         5    ####...
 Poisonous Vapours        Pois/Air       ##....       8%          2    None


Dungeon Overview and Level Annotations

Branches:
Dungeon (14/15)            Temple (1/1) D:5            Lair (0/6) D:10
    Orc (0/2) D:9
 Vaults: D:13-14

Altars:
Ashenzari
Cheibriados
Dithmenos
Elyvilon
Fedhas
Gozag
Hepliaklqana
Kikubaaqudgha
Makhleb
Nemelex Xobeh
Okawaru
Qazlal
Ru
Sif Muna
Trog
Uskayaw
Vehumet
Wu Jian
Xom
Yredelemnul
Zin
The Shining One

Shops:
D:9 %

Portals:
Trove: D:11 (give 2 scrolls of acquirement)


Innate Abilities, Weirdness & Mutations

You can breathe wild blasts of lightning.
Your glossy black scales are hard. (AC +8)
You cannot fit into any form of body armour.
You are resistant to electric shocks. (rElec)
You are cold-blooded and may be slowed by cold attacks.


Message History

You hear a shout! x3
You start resting.
You hear some strange, mumbled words.
A bolt of lightning appears from out of thin air!
The bolt of lightning misses you.
You hit something.
You hear some strange, mumbled words.
A stone arrow appears from out of thin air!
The stone arrow hits you!
* * * LOW HITPOINT WARNING * * *
You are near starving!
You barely miss something. Something hits you but does no damage.
Put on which piece of jewellery? (? for menu, Esc to quit)
Okay, then.
You hear some strange, mumbled words.
A bolt of lightning appears from out of thin air!
The bolt of lightning hits you! You resist.
* * * LOW HITPOINT WARNING * * *
The bolt of lightning hits you! You resist.
You die...

..........# #.............#
..........####.............#
.............[.............######
................................#
.....................>..........#
#############...................#
#..##########..####.#
###########..#### #..# #.#
#.............@.# #..# #.#
#.#############.#######..####.#
#.# ..#...$ #...............# #.#
.p'.).. #...............# #.#
..'..§. #...............# #.#
.o{...p #.##...########## #.#
#.... #)##...# #.# ##p'†##)##...#
#.# #.....#.##...#


There were no monsters in sight!

Vanquished Creatures
  Rupert (D:13)
  Frances (D:13)
  A sphinx (D:13)
  An orc warlord (Bailey)
  A hydra (D:13)
  Erolcha (D:9)
  Erica (D:8)
  A centaur warrior (D:13)
  7 two-headed ogres
  2 tengu warriors
  A deep troll earth mage (D:13)
  The ghost of dleb1993 the Thaumaturge, a novice DECj of Zin (D:8)
  4 orc knights (Bailey)
  2 wizards (D:14)
  Pikel (D:4)
  2 deep elf magi (D:11)
  An ugly thing (D:11)
  2 manticores (D:13)
  Joseph (D:9)
  A centaur skeleton (D:14)
  A kobold demonologist (D:13)
  An efreet (D:13)
  A komodo dragon (D:13)
  A tengu conjurer (D:14)
  A troll (D:7)
  A hornet (D:7)
  Grinder (D:5)
  3 meliai (D:13)
  A queen bee (D:13)
  7 slime creatures
  4 hippogriffs
  A vampire (D:14)
  A wyvern (D:13)
  A wraith (D:13)
  Eustachio (D:5)
  15 humans (D:14)
  13 yaks
  A basilisk (D:13)
  5 vampire mosquitoes
  2 hungry ghosts
  Menkaure (D:7)
  A soldier ant (D:13)
  2 acid dragons (D:13)
  Duvessa (D:5)
  5 ice beasts
  4 sky beasts
  13 orc warriors
  A swamp drake (D:11)
  A black bear (D:9)
  6 necrophages
  10 ogres
  2 phantoms
  11 centaurs
  A crocodile (D:10)
  A crocodile (shapeshifter) (D:13)
  5 big kobolds
  11 bullfrogs
  A water moccasin zombie (D:8)
  Dowan (D:5)
  4 scorpions
  30 killer bees
  5 howler monkeys
  8 wights
  9 crimson imps
  2 centaur zombies
  3 quasits
  4 hounds
  3 bullfrog zombies
  3 jellies
  5 orc priests
  A hound (shapeshifter) (D:13)
  14 orc wizards
  Crazy Yiuf (D:5)
  A bullfrog skeleton (D:12)
  An iron imp (D:11)
  3 iguanas
  12 worker ants
  A hound zombie (D:8)
  2 worker ant zombies
  2 mummies (D:8)
  12 gnolls
  17 adders
  4 shadow imps
  A white imp (D:11)
  2 oozes
  An adder zombie (D:7)
  4 adder skeletons
  4 worms
  2 dart slugs
  6 leopard geckos
  45 orcs
  4 giant cockroaches
  22 goblins
  26 hobgoblins
  15 jackals
  61 kobolds
  A ball python (D:1)
  6 bats
  4 frilled lizards
  A giant cockroach zombie (D:5)
  2 jackal skeletons
  A jackal zombie (D:6)
  A leopard gecko skeleton (D:6)
  A leopard gecko zombie (D:8)
  16 rats
546 creatures vanquished.

Vanquished Creatures (others)
  2 slaves (D:4)
  A killer bee (D:13)
  A howler monkey (D:4)
  A bullfrog skeleton (D:4)
  An orc wizard (D:11)
  A worker ant (D:4)
  4 adders
  A shadow imp (D:11)
  5 orcs (D:11)
  2 giant cockroaches (D:4)
  2 quokkas (D:4)
  A frilled lizard (D:4)
  3 fungi (D:10)
  9 plants (D:13)
34 creatures vanquished.

Grand Total: 580 creatures vanquished

Notes
Turn   | Place    | Note
-------+----------+-------------------------------------------
     0 | D:1      | Oravi the Draconian Conjurer began the quest for the Orb.
     0 | D:1      | Reached XP level 1. HP: 14/14 MP: 3/3
   350 | D:1      | Found a sparkling altar of Nemelex Xobeh.
   358 | D:1      | Reached XP level 2. HP: 20/20 MP: 1/5
   537 | D:1      | Learned a level 2 spell: Searing Ray
  1100 | D:1      | Reached XP level 3. HP: 26/26 MP: 5/7
  1105 | D:1      | Learned a level 3 spell: Dazzling Spray
  2086 | D:2      | Found a stormy altar of Qazlal.
  2102 | D:2      | Reached XP level 4. HP: 32/33 MP: 2/8
  2236 | D:2      | Found a shadowy altar of Dithmenos.
  2237 | D:2      | Found a bloodstained altar of Trog.
  2354 | D:2      | Reached skill level 5 in Conjurations
  2598 | D:2      | Found a blossoming altar of Fedhas.
  3547 | D:3      | Found an iron altar of Okawaru.
  3753 | D:3      | Reached XP level 5. HP: 38/38 MP: 7/10
  4524 | D:3      | Reached XP level 6. HP: 42/45 MP: 2/12
  4607 | D:3      | Learned a level 4 spell: Iskenderun's Mystic Blast
  4763 | D:3      | Reached skill level 6 in Conjurations
  5312 | D:3      | Reached skill level 5 in Spellcasting
  5733 | D:4      | Your scales start taking on a glossy black colour.
  5733 | D:4      | Reached XP level 7. HP: 50/50 MP: 10/14
  5733 | D:4      | Gained mutation: You are resistant to electric shocks. (rElec) [Black Draconian growth]
  5810 | D:4      | Noticed Pikel
  5839 | D:4      | Killed Pikel
  5839 | D:4      | Reached skill level 7 in Conjurations
  5853 | D:4      | Reached XP level 8. HP: 38/57 MP: 12/17
  6701 | D:5      | Entered Level 5 of the Dungeon
  6751 | D:4      | Reached skill level 8 in Conjurations
  6843 | D:5      | Noticed Grinder
  6860 | D:5      | Killed Grinder
  6864 | D:5      | Noticed Eustachio
  7189 | D:5      | Noticed Duvessa
  7193 | D:5      | Noticed Dowan
  7194 | D:5      | Killed Duvessa
  7200 | D:5      | Killed Dowan
  7200 | D:5      | Reached skill level 9 in Conjurations
  7263 | D:5      | Killed Eustachio
  7522 | D:5      | Reached XP level 9. HP: 28/62 MP: 12/20
  7766 | D:5      | Found a snail-covered altar of Cheibriados.
  7881 | D:5      | Found a staircase to the Ecumenical Temple.
  7891 | Temple   | Entered the Ecumenical Temple
  8257 | Temple   | Became a worshipper of Vehumet
  8390 | D:5      | Found a runed door.
  8458 | D:5      | Noticed Crazy Yiuf
  8461 | D:5      | Killed Crazy Yiuf
  8468 | D:5      | Identified the +8 mace of Dissent {crush, -Tele +Rage rF+++ Str-3} (You found it on level 5 of the Dungeon)
  9098 | D:6      | Reached skill level 10 in Conjurations
  9861 | D:6      | Noticed a moth of wrath
  9862 | D:6      | Reached * piety under Vehumet
  9862 | D:6      | Offered knowledge of Sandblast by Vehumet.
  9880 | D:6      | Found a bloodstained altar of Trog.
 10155 | D:7      | Reached skill level 1 in Fighting
 10551 | D:7      | Found a white marble altar of Elyvilon.
 10621 | D:7      | Reached XP level 10. HP: 14/73 MP: 9/23
 10623 | D:7      | HP: 2/73 [orc priest/divine providence (13)]
 11136 | D:7      | Noticed Menkaure
 11139 | D:7      | Killed Menkaure
 11143 | D:7      | Offered knowledge of Shock by Vehumet.
 11430 | D:7      | Reached ** piety under Vehumet
 12021 | D:7      | Found a sacrificial altar of Ru.
 12118 | D:7      | Learned a level 4 spell: Force Lance
 12511 | D:8      | Reached skill level 1 in Translocations
 12906 | D:8      | Noticed Erica
 12924 | D:8      | Killed Erica
 13169 | D:8      | Reached skill level 11 in Conjurations
 13248 | D:8      | Learned a level 4 spell: Throw Icicle
 13256 | D:8      | Noticed dleb1993's ghost (novice DECj)
 13277 | D:8      | Killed dleb1993's ghost
 13380 | D:8      | Reached skill level 1 in Ice Magic
 13438 | D:8      | Found a sparkling altar of Nemelex Xobeh.
 13599 | D:8      | Found a blossoming altar of Fedhas.
 13730 | D:9      | Found a staircase to the Orcish Mines.
 13849 | D:9      | Noticed a hand axe
 13849 | D:9      | Noticed a dagger
 13850 | D:9      | Found a hide-covered altar of Uskayaw.
 14048 | D:9      | Offered knowledge of Stone Arrow by Vehumet.
 14117 | D:9      | Reached XP level 11. HP: 85/85 MP: 20/24
 14171 | D:9      | Noticed Joseph
 14288 | D:9      | Killed Joseph
 14418 | D:9      | Noticed Erolcha
 14423 | D:9      | Paralysed by Erolcha for 2 turns
 14425 | D:9      | Killed Erolcha
 14713 | D:9      | Found Leps's Food Shoppe.
 14722 | D:9      | Reached skill level 5 in Fighting
 14775 | D:10     | Entered Level 10 of the Dungeon
 14840 | D:10     | Reached skill level 5 in Stealth
 15159 | D:10     | Noticed a two-headed ogre
 15164 | D:10     | Killed a two-headed ogre
 15164 | D:10     | Reached skill level 10 in Spellcasting
 15630 | D:10     | Found a staircase to the Lair.
 16093 | D:11     | Found a portal to a secret trove of treasure.
 16117 | D:11     | Reached *** piety under Vehumet
 16117 | D:11     | Reached skill level 5 in Dodging
 16303 | D:11     | Noticed a brown ugly thing
 16311 | D:11     | Killed a brown ugly thing
 16419 | D:11     | Noticed a two-headed ogre
 16426 | D:11     | Killed a two-headed ogre
 16891 | D:11     | Noticed a two-headed ogre
 16895 | D:11     | Killed a two-headed ogre
 17040 | D:11     | Noticed a deep elf mage
 17046 | D:11     | Killed a deep elf mage
 17417 | D:11     | Noticed a deep elf mage
 17666 | D:11     | Killed a deep elf mage
 17823 | D:11     | Learned a level 2 spell: Blink
 17972 | D:12     | Offered knowledge of Static Discharge by Vehumet.
 18421 | D:12     | Learned a level 5 spell: Fireball
 18757 | D:12     | Reached skill level 5 in Translocations
 18992 | D:12     | Reached XP level 12. HP: 97/97 MP: 4/26
 18993 | D:12     | Reached skill level 1 in Fire Magic
 19735 | D:13     | Noticed a two-headed ogre
 19741 | D:12     | Killed a two-headed ogre
 19757 | D:13     | Found a flagged portal.
 19766 | Bailey   | Entered a bailey
 20212 | Bailey   | Reached **** piety under Vehumet
 20314 | Bailey   | Offered knowledge of Irradiate by Vehumet.
 21897 | Bailey   | Noticed an orc warlord
 21952 | Bailey   | Killed an orc warlord
 21952 | Bailey   | Reached skill level 5 in Fire Magic
 22295 | Bailey   | Identified a +1 pair of boots of running (You found it in a bailey)
 22507 | D:13     | Reached skill level 1 in Shields
 22538 | D:13     | Noticed a centaur warrior
 22542 | D:13     | Killed a centaur warrior
 22709 | D:13     | Noticed a five-headed hydra
 23416 | D:12     | Reached ***** piety under Vehumet
 23654 | D:13     | Offered knowledge of Bolt of Fire by Vehumet.
 23664 | D:13     | Reached skill level 12 in Conjurations
 23664 | D:13     | Reached skill level 5 in Ice Magic
 23672 | D:13     | Learned a level 6 spell: Bolt of Fire
 23697 | D:13     | Noticed Rupert
 24402 | D:13     | Found a hide-covered altar of Uskayaw.
 24691 | D:13     | Killed a five-headed hydra
 24691 | D:13     | Reached XP level 13. HP: 105/105 MP: 6/27
 24719 | D:13     | Killed Rupert
 25519 | D:13     | Noticed a sphinx
 26456 | D:13     | Killed a sphinx
 26526 | D:14     | Noticed Frances
 26689 | D:13     | Killed Frances
 27637 | D:14     | Identified the Catalogue of Weightlessness and Stones
 27990 | D:14     | HP: 2/108 [something/bolt of lightning (7)]
 27990 | D:14     | Killed from afar by a wizard

Vault maps used:
D:1:      tarquinn_simple_flora_water_f, minmay_misc_feat_tiny,
          nemelex_xobeh_ov_fountains_minmay
D:2:      lemuel_coloured_pillars_altar, nicolae_overflow_crystal_walls,
          gammafunk_temple_overflow_statue, first_ration, grunt_ministairs_3
D:3:      minmay_goblin_kobold_castle, okawaru_gym_becter, corexii_corridor_pit
D:4:      skrybe_limestone_x, minmay_mini_jars, uniq_pikel
D:5:      cheibriados_altar_1, minmay_temple_entry_junction, uniq_duvessa,
          uniq_grinder, uniq_eustachio, uniq_crazy_yiuf_cottage
D:6:      tgw_trog
D:7:      old_standard_altar, nicolae_ru_path_of_blood, dk_noncrumbling_4,
          uniq_menkaure
D:8:      overflow_temple_1_default, serial_undead, serial_undead_e,
          serial_undead_e, serial_undead_c, serial_undead_f, fedhas_altar_2,
          uniq_erica
D:9:      dancing_weapons_uskayaw, serial_shops, nicolae_shop_trees,
          uniq_joseph, uniq_erolcha
D:10:     grunt_lair_entry_orc_guard_hut
D:11:     enter_trove_3, grunt_ogre_cave, hangedman_minor_magic
D:12:     serial_column_ruins, column_ruins_columns_straight,
          column_ruins_grid_4, column_ruins_corridor_dead_end,
          column_ruins_grid_2, column_ruins_open_small, column_ruins_open_small
D:13:     regret_index_wax_grids, basic_altar, enter_bailey_2,
          roderic_serpentine_path, uniq_rupert
D:14:     grunt_vaults_entry_tiered, minmay_curled_crystal, uniq_frances
Temple:   minmay_temple_forest_path
Bailey:   bailey_axe_minmay_hex_keep, bailey

Skill      XL: |  1  2  3  4  5  6  7  8  9 10 11 12 13 |
---------------+----------------------------------------+-----
Spellcasting   | 3 4 5 6 7 9 10 11 | 11.8
Conjurations   | 5 6 7 9 10 11 12 | 12.5
Stealth        | 2 4 5 |  5.0
Dodging        | 2 4 5 6 7 |  7.4
Fighting       | 2 4 6 7 8 |  8.5
Translocations | 2 5 |  5.0
Ice Magic      | 1 4 5 6 |  6.5
Fire Magic     | 6 7 |  7.5
Shields        | 4 |  4.1

Action                   |  1- 3 |  4- 6 |  7- 9 | 10-12 | 13-15 || total
-------------------------+-------+-------+-------+-------+-------++-------
Melee: Unarmed           |    37 |       |       |       |       ||    37
       Dagger            |    27 |     6 |    17 |   111 |    46 ||   207
       Tailslap          |     4 |     1 |     5 |    15 |     5 ||    30
Throw: Stone             |     4 |    11 |       |     8 |       ||    23
       Tomahawk          |       |       |       |     8 |     4 ||    12
 Cast: Magic Dart        |    55 |   123 |   116 |   330 |       ||   624
       Searing Ray       |    17 |    23 |    57 |    75 |     3 ||   175
       Iskenderun's Myst |       |     9 |    30 |   216 |    43 ||   298
       Throw Icicle      |       |       |       |    51 |    19 ||    70
       Fireball          |       |       |       |    65 |    16 ||    81
       Blink             |       |       |       |     5 |     3 ||     8
       Force Lance       |       |       |       |     5 |       ||     5
       Dazzling Spray    |       |       |       |     1 |       ||     1
       Bolt of Fire      |       |       |       |       |    42 ||    42
 Abil: Breathe Lightning |       |       |     9 |     4 |     4 ||    17
  Use: Scroll            |       |       |    12 |    10 |     1 ||    23
       Potion            |       |       |     1 |     5 |     1 ||     7
 Stab: Distracted        |       |       |       |     1 |       ||     1
  Eat: Chunk             |     6 |     7 |    19 |    34 |    10 ||    76
       Ration            |       |     2 |       |     9 |     5 ||    16
Armor: Skin              |    38 |    19 |    27 |    86 |    29 ||   199
Dodge: Dodged            |    50 |    36 |    65 |   191 |    74 ||   416
Block: Buckler           |       |       |       |    22 |    20 ||    42

Table legend:
 A = Spawn XP
 B = Non-spawn XP
 C = Spawn XP percentage of total XP
 D = Spawn monster count
 E = Non-spawn monster count
 F = Spawn count percentage of total count
 G = Total turns spent on level
                    A         B        C        D         E        F      G
               +---------+---------+-------+---------+---------+-------+---------
         Total |       0 |   60153 |   0.0 |       0 |     547 |   0.0 | 27990
               +---------+---------+-------+---------+---------+-------+---------
           D:1 |       0 |      60 |   0.0 |       0 |      35 |   0.0 |  1660
           D:2 |       0 |      68 |   0.0 |       0 |      20 |   0.0 |  1178
           D:3 |       0 |     602 |   0.0 |       0 |      71 |   0.0 |  2869
           D:4 |       0 |    1060 |   0.0 |       0 |      13 |   0.0 |  1348
           D:5 |       0 |    1574 |   0.0 |       0 |      28 |   0.0 |  1692
           D:6 |       0 |    1212 |   0.0 |       0 |      39 |   0.0 |   997
           D:7 |       0 |    2123 |   0.0 |       0 |      40 |   0.0 |  2025
           D:8 |       0 |    3886 |   0.0 |       0 |      31 |   0.0 |  1532
           D:9 |       0 |    2264 |   0.0 |       0 |      15 |   0.0 |  1069
          D:10 |       0 |    2149 |   0.0 |       0 |      13 |   0.0 |  1461
          D:11 |       0 |    5537 |   0.0 |       0 |      39 |   0.0 |  2015
          D:12 |       0 |    3976 |   0.0 |       0 |      19 |   0.0 |  2484
          D:13 |       0 |   21541 |   0.0 |       0 |      80 |   0.0 |  3734
          D:14 |       0 |    8823 |   0.0 |       0 |      35 |   0.0 |   890
        Bailey |       0 |    5278 |   0.0 |       0 |      69 |   0.0 |  2631
               +---------+---------+-------+---------+---------+-------+---------
